 Dungeon Crawl Stone Soup version 0.28-a0-863-g8cecda6153 (webtiles) character file.

Game seed: 7159475234681671447

4109 wakim the Grappler (level 10, -10/96 HPs)
             Began as a Troll Hunter on Nov 17, 2021.
             Was a Priest of Uskayaw.
             Killed from afar by an efreet (37 damage)
             ... with a bolt of fire
             ... on level 8 of the Dungeon.
             The game lasted 00:26:25 (7882 turns).

wakim the Grappler (Troll Hunter)                   Turns: 7882, Time: 00:26:26

Health: -10/96     AC:  4    Str: 22    XL:     10   Next: 6%
Magic:  11/11      EV:  9    Int:  7    God:    Uskayaw [***...]
Gold:   90         SH:  9    Dex: 13    Spells: 9/9 levels left

rFire   . . .      SeeInvis .     - Unarmed
rCold   + . .      Faith    .   t - +0 kite shield
rNeg    . . .      Spirit   .   b - +0 robe
rPois   .          Reflect  .   (helmet restricted)
rElec   .          Harm     .   (no cloak)
rCorr   .          Rampage  .   (gloves unavailable)
Will    +....                   (boots unavailable)
Stlth   +.........              (no amulet)
HPRegen 1.26/turn               e - +4 ring of slaying
MPRegen 0.12/turn               h - ring "Osutamit" {rC+ Will+ Slay+5}

@: no status effects
A: large, unfitting armour, claws 3, regeneration 1, shaggy fur 1, tough skin 1
a: Renounce Religion, Stomp, Line Pass


You were on level 8 of the Dungeon.
You worshipped Uskayaw.
Uskayaw was noncommittal.
You visited 1 branch of the dungeon, and saw 8 of its levels.

You collected 358 gold pieces.
You spent 268 gold pieces at shops.

Inventory:

Missiles
 c - 9 large rocks {=f}
 f - 2 throwing nets {=f!f}
 l - 2 datura-tipped darts
 s - 228 stones (quivered)
 u - 43 poisoned darts
Armour
 b - a +0 robe (worn)
 t - a +0 kite shield (worn)
Jewellery
 a - a ring of willpower
 e - a +4 ring of slaying (left claw)
 h - the ring "Osutamit" (right claw) {rC+ Will+ Slay+5}
   (You found it on level 6 of the Dungeon)

   [ring of protection from cold]

   Slay:      It affects your accuracy & damage with ranged weapons and melee
   (+5).
   rC:        It protects you from cold.
   Will:      It increases your willpower.
 i - a ring of protection from cold
 v - a +4 ring of protection
Wands
 x - a wand of iceblast (9)
 y - a wand of paralysis (20)
Scrolls
 j - 2 scrolls of vulnerability {unknown}
 k - a scroll of noise {unknown}
 m - 2 scrolls of teleportation {unknown}
 n - a scroll of fog {unknown}
 o - a scroll of holy word {unknown}
 w - a scroll of enchant armour {unknown}
 R - 2 scrolls of magic mapping {!r}
 Y - a scroll of blinking {!r}
Potions
 g - 3 potions of attraction {unknown}
 q - 2 potions of brilliance {unknown}
 z - 2 potions of mutation {unknown}
 A - a potion of ambrosia
 F - 3 potions of curing
 G - 2 potions of flight
 H - 2 potions of haste
 L - a potion of lignification {!q}
 N - a potion of might


   Skills:
 - Level 5.5 Fighting
 - Level 5.5 Throwing
 - Level 3.9 Dodging
 - Level 0.3 Stealth
 * Level 4.9 Shields
 * Level 8.7 Unarmed Combat
 - Level 3.4 Invocations


You had 9 spell levels left.
You didn't know any spells.
Your spell library contained the following spells:

 Spells                   Type           Power      Damage    Failure   Level
 Beastly Appendage        Tmut           0%         N/A       73%         1
 Freeze                   Ice            0%         1d3       73%         1
 Pain                     Necr           0%         1d4       73%         1
 Sublimation of Blood     Necr           0%         N/A       86%         2
 Wereblood                Tmut           0%         N/A       86%         2
 Frozen Ramparts          Ice            0%         1d2       97%         3
 Gell's Gravitas          Tloc           0%         N/A       97%         3
 Portal Projectile        Hex/Tloc       0%         N/A       97%         3
 Spider Form              Tmut/Pois      0%         N/A       97%         3
 Teleport Other           Tloc           0%         N/A       97%         3
 Hailstorm                Conj/Ice       0%         3d3       100%        4
 Petrify                  Tmut/Erth      0%         N/A       100%        4
 Agony                    Necr           0%         N/A       100%        5
 Blade Hands              Tmut           0%         N/A       100%        5
 Excruciating Wounds      Necr           0%         N/A       100%        5
 Irradiate                Conj/Tmut      0%         3d14      100%        5
 Dispersal                Tloc           0%         N/A       100%        6


Dungeon Overview and Level Annotations

Branches:
Dungeon (8/15)             Temple (0/1) D:4
   Lair: D:8-11

Altars:
Okawaru
Ru
Uskayaw
The Shining One

Shops:
D:3 !!*


Innate Abilities, Weirdness & Mutations

You are too large for most types of armour.
You have claws for hands.
Your natural rate of healing is unusually fast.
You are covered in fur. (AC +1)
You have tough skin. (AC +1)


Message History

The centaur warrior is lightly wounded.
The centaur warrior hits you! The centaur warrior barely misses you.
You closely miss the centaur warrior.
The centaur warrior is lightly wounded.
The centaur warrior hits you. You block the centaur warrior's attack.
The centaur warrior hits you!
* * * LOW HITPOINT WARNING * * *
The centaur warrior kicks you.
* * * LOW HITPOINT WARNING * * *
You mangle the centaur warrior!!
The centaur warrior is severely wounded.
The centaur warrior hits you!
* * * LOW HITPOINT WARNING * * *
You block the centaur warrior's attack.
You can now pass through a line of other dancers.
You mangle the centaur warrior!!
You kill the centaur warrior!
The green ugly thing is engulfed in blazing flames.
You have reached level 10!
You claw the green ugly thing!
The green ugly thing is moderately wounded.
The green ugly thing stings you!
* * * LOW HITPOINT WARNING * * *
You are lethally poisoned!
The green ugly thing poisons you!
Uskayaw will force your foes to helplessly watch your dance.
Uskayaw prepares the audience for your solo!
The helpless green ugly thing fails to defend itself.
You claw the green ugly thing!
The green ugly thing is heavily wounded.
* * * LOW HITPOINT WARNING * * *
You feel extremely sick.
The green ugly thing is no longer paralysed.
The efreet is no longer paralysed.
The green ugly thing closely misses you.
You feel better.
You block the green ugly thing's attack.
The efreet gestures at you. The bolt of fire hits you!!!
You die...

# #.###..# # #..#...#
##### ##.#.#.# ....+
####.#...# #####
#....#...# #..
#...#.#..## #.#
#).##.##..# #.#
#†##.#.##.# ##.####
#.##.@###.###########
......#
#..##..#............#
##.##.#
#.##.#.##..########.#
.#.##.# #.##R○###..#
#.# .#.##.#
#..##○u#..## #.#
.#.##.# #.##.#.##.#
#.#
.#.##.######.##○)###.#
#.# .#............##.
#..# #.#
#####.######.##.# ##.#
#.#


You could see an efreet.

Vanquished Creatures
  A centaur warrior (D:8)
  A deep elf pyromancer (D:8)
  A hornet (D:7)
  Grinder (D:3)
  Sigmund (D:3)
  A wraith (D:8)
  Eustachio (D:6)
  A water moccasin (D:8)
  2 necrophages
  An ice beast (D:6)
  A sky beast (D:7)
  A centaur (D:8)
  5 ogres
  3 bullfrogs
  A water moccasin zombie (D:5)
  A scorpion (D:6)
  A howler monkey (D:6)
  3 bullfrog zombies
  2 jellies
  A hound (D:4)
  6 orc priests (D:4)
  A bullfrog skeleton (D:6)
  An iguana (D:4)
  7 orc wizards
  A killer bee zombie (D:6)
  13 adders
  2 white imps (D:6)
  An adder skeleton (D:4)
  3 worms
  A dart slug (D:2)
  36 orcs
  11 endoplasms
  2 giant cockroaches (D:2)
  10 goblins
  12 hobgoblins
  8 jackals
  3 kobolds
  4 quokkas
  9 ball pythons
  7 bats
  5 frilled lizards
  3 rats
176 creatures vanquished.

Vanquished Creatures (others)
  8 plants
8 creatures vanquished.

Grand Total: 184 creatures vanquished

Notes
Turn   | Place    | Note
-------+----------+-------------------------------------------
     0 | D:1      | wakim the Troll Hunter began the quest for the Orb.
     0 | D:1      | Reached XP level 1. HP: 19/19 MP: 0/0
    60 | D:1      | Found a faded altar of an unknown god.
   116 | D:1      | Reached XP level 2. HP: 28/28 MP: 1/1
   166 | D:1      | Reached skill level 1 in Unarmed Combat
   730 | D:2      | Reached XP level 3. HP: 32/35 MP: 2/2
   989 | D:2      | Reached skill level 2 in Unarmed Combat
   994 | D:2      | Reached XP level 4. HP: 44/44 MP: 3/3
  1071 | D:2      | Found a hide-covered altar of Uskayaw.
  1121 | D:2      | Became a worshipper of Uskayaw the Reveller
  1145 | D:2      | Reached * piety under Uskayaw
  1415 | D:3      | Noticed Sigmund
  1527 | D:3      | You fall into a shaft and drop 3 floors!
  1619 | D:6      | Noticed Eustachio
  1626 | D:6      | Reached ** piety under Uskayaw
  1632 | D:6      | Killed Eustachio
  1633 | D:6      | Reached skill level 3 in Unarmed Combat
  1633 | D:6      | Reached skill level 1 in Invocations
  1633 | D:6      | Reached XP level 5. HP: 18/53 MP: 0/4
  1724 | D:6      | Identified the ring "Osutamit" {rC+ Will+ Slay+5}
  1800 | D:6      | Reached XP level 6. HP: 43/61 MP: 5/5
  2343 | D:6      | Reached *** piety under Uskayaw
  3004 | D:5      | Entered Level 5 of the Dungeon
  3317 | D:5      | Reached XP level 7. HP: 66/68 MP: 7/7
  3320 | D:5      | Reached **** piety under Uskayaw
  3324 | D:5      | Reached skill level 4 in Unarmed Combat
  4200 | D:5      | Reached XP level 8. HP: 79/79 MP: 8/8
  4485 | D:5      | Found a sacrificial altar of Ru.
  4490 | D:5      | Found a glowing golden altar of the Shining One.
  4493 | D:5      | Found an iron altar of Okawaru.
  4597 | D:4      | Reached skill level 5 in Unarmed Combat
  4621 | D:4      | Reached skill level 5 in Throwing
  5039 | D:3      | Noticed Grinder
  5049 | D:3      | Killed Grinder
  5050 | D:3      | Reached skill level 5 in Fighting
  5079 | D:3      | Found Fauvaokh's Distillery.
  5377 | D:3      | Found Soprih's General Store.
  5387 | D:3      | Bought a scroll of identify for 26 gold pieces
  5387 | D:3      | Bought a scroll of identify for 26 gold pieces
  5387 | D:3      | Bought a scroll of magic mapping for 45 gold pieces
  5387 | D:3      | Bought a potion of curing for 39 gold pieces
  5514 | D:3      | Found Qeonituo's Distillery.
  5517 | D:3      | Bought a potion of might for 44 gold pieces
  5517 | D:3      | Bought a potion of invisibility for 88 gold pieces
  5592 | D:3      | Killed Sigmund
  6169 | D:4      | Reached ***** piety under Uskayaw
  6170 | D:4      | Reached skill level 6 in Unarmed Combat
  6334 | D:4      | Found a staircase to the Ecumenical Temple.
  6623 | D:7      | Noticed a hornet
  6630 | D:6      | Reached XP level 9. HP: 87/88 MP: 10/10
  6731 | D:7      | HP: 2/88 [hornet (13)]
  6733 | D:7      | Reached skill level 1 in Shields
  7200 | D:7      | Reached skill level 7 in Unarmed Combat
  7548 | D:8      | Identified the +8 chain mail "Xufema Nifi" {rPois Will+
                  | Int+4}
  7736 | D:8      | Noticed a deep elf pyromancer
  7762 | D:8      | Killed a deep elf pyromancer
  7763 | D:8      | Reached skill level 8 in Unarmed Combat
  7868 | D:8      | Noticed a centaur warrior
  7868 | D:8      | Noticed an efreet
  7870 | D:8      | Noticed a green ugly thing
  7874 | D:8      | Killed a centaur warrior
  7875 | D:8      | Reached XP level 10. HP: 34/96 MP: 11/11
  7882 | D:8      | Killed from afar by an efreet

Illustrated notes

Levels and vault maps discovered:
D:1:      amcnicky_arrival_wind_blow, layout_basic,
          chequers_ecumenical_altar_island, serial_bayou_pond_d
D:2:      layout_rooms, basic_altar
D:3:      layout_basic, serial_shops, shop, nicolae_lakefront_shop,
          nicolae_shop_behind_doors, serial_rivers,
          chequers_serial_rivers_large_b, chequers_serial_rivers_micro_d,
          chequers_serial_rivers_room_a, chequers_serial_rivers_marsh,
          chequers_serial_rivers_large_a, moated_statue, uniq_grinder,
          uniq_sigmund
D:4:      nicolae_cairo_tiling, layout_loops_cross, guppyfry_early_lair_pool
D:5:      corexii_shack_village, layout_cave_pods, grunt_temple_overflow_diamond
D:6:      layout_basic, uniq_eustachio
D:7:      layout_basic
D:8:      layout_basic, minmay_manual_macuahuitl

Skill      XL: |  1  2  3  4  5  6  7  8  9 |
---------------+----------------------------+-----
Unarmed Combat | 1 2 3 4 6 8 |  8.7
Fighting       | 2 3 4 5 |  5.5
Dodging        | 2 3 |  3.9
Throwing       | 4 5 |  5.5
Invocations    | 1 2 3 |  3.4
Shields        | 4 |  4.9
Stealth        | |  0.3

Action                   |  1- 3 |  4- 6 |  7- 9 | 10-12 || total
-------------------------+-------+-------+-------+-------++-------
Melee: Unarmed           |    86 |   104 |   172 |     2 ||   364
       Short sword       |     1 |       |       |       ||     1
       Punch             |       |     3 |     3 |       ||     6
Throw: Stone             |    14 |    10 |   128 |       ||   152
Invok: Stomp             |       |     1 |       |       ||     1
       Line Pass         |       |       |     2 |       ||     2
  Use: Scroll            |       |     2 |     6 |       ||     8
       Potion            |       |       |     3 |     1 ||     4
 Stab: Sleeping          |     2 |       |     2 |       ||     4
       Paralysed         |       |     1 |     7 |     1 ||     9
       Confused          |       |       |     1 |       ||     1
Armor: Robe              |    21 |    18 |    36 |       ||    75
Dodge: Dodged            |    35 |    37 |    67 |     1 ||   140
Block: Kite shield       |       |       |    24 |     1 ||    25

Table legend: (Time is in decaauts)
 A = Elapsed time spent in this place.
 B = Non-inter-level travel time spent in this place.
 C = Inter-level travel time spent in this place.
 D = Time resting spent in this place.
 E = Time spent auto-exploring this place.
 F = Levels seen in this place.
 G = Mean time per level.
                   A        B        C        D        E       F      G
               +--------+--------+--------+--------+--------+-----+--------+
         Total |   7935 |   7188 |    747 |    128 |   5825 |   8 |  991.9 |
       Dungeon |   7935 |   7188 |    747 |    128 |   5825 |   8 |  991.9 |
               +--------+--------+--------+--------+--------+-----+--------+

Top non-repeatable levels by time:
     D:6: 2088 daAuts
     D:3: 1417 daAuts
     D:5: 1014 daAuts
     D:4: 875 daAuts
     D:7: 798 daAuts
     D:1: 796 daAuts
     D:2: 515 daAuts
     D:8: 429 daAuts
